 Dungeon Crawl Stone Soup version 0.21-a0-71-g5e5ddd2 (webtiles) character file.

65512 Multipenetrator the Peltast (level 15, -20/124 HPs)
             Began as a Formicid Fighter on June 10, 2017.
             Was a High Priest of Okawaru.
             Killed from afar by Azrael (35 damage)
             ... with damnation
             ... on level 15 of the Dungeon on June 19, 2017.
             The game lasted 02:32:49 (17407 turns).

Multipenetrator the Peltast (Formicid Fighter)     Turns: 17407, Time: 02:32:50

Health: -20/124    AC: 20    Str: 23    XL:     15   Next: 58%
Magic:  12/18      EV: 18    Int: 14    God:    Okawaru [*****.]
Gold:   938        SH: 29    Dex: 12    Spells: 14/14 levels left

rFire    + . .     SeeInvis +   b - +3 scimitar (holy)
rCold    + . .     Gourm    .   E - +2 large shield
rNeg     + . .     Faith    .   q - +7 leather armour "Teromuipu" {Int+4}
rPois    .         Spirit   .   (helmet unavailable)
rElec    .         Reflect  +   R - +5 cloak of Xoaduy Afeso {rN+ Regen+}
rCorr    .         Harm     .   (no gloves)
MR       +....                  T - +0 pair of boots {Fly}
Stlth    +++.......             C - +4 amulet of reflection
HPRegen  0.70/turn              t - ring of protection from fire
MPRegen  0.16/turn              z - ring of protection from cold

@: heroism, finesse, flying
A: permanent stasis, dig shafts and tunnels, four strong arms, antennae 3, low
mp 1
a: Dig, Shaft Self, Heroism, Finesse, Renounce Religion, Stop Flying


You were on level 15 of the Dungeon.
You worshipped Okawaru.
Okawaru was extremely pleased with you.
You were very hungry.

You visited 2 branches of the dungeon, and saw 16 of its levels.
You visited the Abyss 1 time.
You also visited: Labyrinth and Ice Cave.

You collected 1190 gold pieces.
You spent 252 gold pieces at shops.

Inventory:

Hand Weapons
 a - a +2 halberd of chopping
 b - a +3 scimitar of holy wrath (weapon)
 o - a +3 halberd of flaming
 B - a +2 war axe of chopping
 I - a +0 battleaxe of draining
Missiles
 G - 7 steel javelins (quivered)
Armour
 q - the +7 leather armour "Teromuipu" (worn) {Int+4}
   (You found it on level 6 of the Dungeon)

   It affects your intelligence (+4).
 E - a +2 large shield (worn)
 R - the +5 cloak of Xoaduy Afeso (worn) {rN+ Regen+}
   (Okawaru gifted it to you on level 11 of the Dungeon)

   It protects you from negative energy.
   It increases your rate of regeneration.
 T - a +0 pair of boots of flying (worn)
Jewellery
 c - an uncursed ring of poison resistance
 i - an uncursed ring of positive energy
 t - a ring of protection from fire (left hand)
 z - a ring of protection from cold (right hand)
 C - a +4 amulet of reflection (around neck)
 F - an uncursed amulet of the gourmand
 Y - an uncursed ring of protection from magic
Wands
 s - a wand of iceblast (0/15)
 x - a wand of iceblast (0/15)
 A - a wand of iceblast (2/15)
 D - a wand of lightning (3/15)
 J - a wand of iceblast (6/15)
 K - a wand of iceblast (8/15)
 L - a wand of iceblast (10/15)
 N - a wand of lightning (5/15)
 V - a wand of iceblast (4/15)
Scrolls
 e - 2 scrolls of random uselessness {unknown}
 j - a scroll of recharging
 k - 2 scrolls of enchant weapon {unknown}
 n - 2 scrolls of torment {unknown}
 r - 3 scrolls of enchant armour
 w - 2 scrolls of magic mapping
 y - 8 scrolls of remove curse
 O - 3 scrolls of fog
 Q - a scroll of vulnerability {unknown}
 X - 2 scrolls of fear {unknown}
 Z - a scroll of amnesia {unknown}
Potions
 d - 2 potions of might
 h - 2 potions of magic
 l - 2 potions of agility
 u - 3 potions of curing
 H - a potion of ambrosia
 M - 3 potions of flight {unknown}
Miscellaneous
 S - a sack of spiders
Comestibles
 f - 14 bread rations
 g - 5 meat rations
 v - 6 fruits
 P - 9 chunks of flesh
 U - 2 royal jellies


   Skills:
 + Level 13.3(18.3) Fighting
 + Level 3.7(8.7) Long Blades
 + Level 7.9(16.2) Axes
 + Level 12.5(18.3) Polearms
 + Level 1.1(6.1) Throwing
 * Level 8.5(13.5) Armour
 + Level 6.8(11.8) Dodging
 + Level 3.1(8.1) Stealth
 - Level 15.5(20.5) Shields
 * Level 7.2 Invocations


You had 14 spell levels left.
You didn't know any spells.

Dungeon Overview and Level Annotations

Branches:
Dungeon (15/15)            Temple (1/1) D:5            Lair (0/6) D:8
    Orc (0/2) D:11         Vaults (0/5) D:13
 Depths: D:15

Altars:
Ashenzari
Cheibriados
Dithmenos
Elyvilon
Fedhas
Gozag
Hepliaklqana
Kikubaaqudgha
Makhleb
Nemelex Xobeh
Okawaru
Qazlal
Ru
Sif Muna
Trog
Uskayaw
Vehumet
Wu Jian
Xom
Yredelemnul
Zin
The Shining One

Shops:
D:6 ?   D:7 *   D:9 *   D:11 %   D:12 :

Annotations:
D:15 Azrael


Innate Abilities, Weirdness & Mutations

You cannot be hasted, slowed, berserked, paralysed or teleported.
You can dig through walls and to a lower floor.
Your four strong arms can wield two-handed weapons with a shield.
You have a pair of large antennae on your head. (SInv)
Your magical capacity is low. (-10% MP)


Message History

You can now deal lightning-fast blows.
Azrael misses you.
You completely miss Azrael.
Azrael is severely wounded.
You hit Azrael.
Azrael convulses.
Azrael is severely wounded.
Azrael gestures at you.
The sphere of damnation explodes!
The damnation engulfs you!
* * * LOW HITPOINT WARNING * * *
The damnation engulfs Azrael.
Azrael completely resists.
You feel better. You block Azrael's attack.
Okay, then.
Okay, then.
You extend your mandibles.
You dig through the rock wall.
You dig through the rock wall.
You are feeling very hungry.
Azrael gestures at you.
The sphere of damnation explodes!
The damnation engulfs you!
You die...

### ##@# ##.##
####### #R## .......
##{# .......##§####
.....# .....zz#.{...#
...... .....R§#R....#
......
######z.....###......
.....................


You could see Azrael.

Vanquished Creatures
  A tentacled starspawn (Abyss:2)
  Kirke (D:12)
  2 very ugly things (Abyss:2)
  A minotaur (Lab)
  Josephine (D:15)
  An ogre mage (D:15)
  4 vault guards (D:13)
  A rakshasa (D:15)
  2 hydras
  A catoblepas (D:15)
  Erica (D:8)
  9 two-headed ogres
  A centaur warrior (D:13)
  Sonja (D:11)
  A wretched star (Abyss:2)
  6 skeletal warriors
  2 sixfirhies (Abyss:2)
  An unseen horror (D:12)
  A spatial maelstrom (Abyss:2)
  A glowing orange brain (Abyss:2)
  A wizard (D:15)
  The ghost of Shimatora the Cleaver, a novice DDFi of Makhleb (D:10)
  3 large abominations (Abyss:2)
  7 ugly things
  A deep elf mage (D:14)
  2 manticores
  2 cyclopes
  Joseph (D:7)
  An orange demon (Abyss:2)
  2 centaur zombies
  2 gargoyles
  An ice statue (IceCv)
  The ghost of smzp the Slasher, a novice BaFi of Okawaru (D:5)
  3 kobold demonologists
  6 centaur skeletons
  11 freezing wraiths
  A komodo dragon (D:14)
  A merfolk (D:12)
  A tengu conjurer (D:15)
  A troll (shapeshifter) (D:13)
  3 wolf spider simulacra
  A hornet (D:8)
  6 trolls
  A raiju (Abyss:2)
  8 hippogriffs
  2 shadows (Lab)
  7 wraiths
  A human (D:12)
  2 wyverns
  21 yaks
  A basilisk (D:14)
  3 hogs (D:12)
  3 fire bats (Abyss:2)
  2 hungry ghosts
  A steam dragon (D:11)
  4 fire elementals (D:15)
  A chaos spawn (Abyss:2)
  A neqoxec (Abyss:2)
  An insubstantial wisp (Abyss:2)
  12 vampire mosquitoes
  An acid dragon (D:14)
  A water moccasin (D:12)
  A porcupine (D:8)
  6 sky beasts
  3 hell hounds (D:15)
  Duvessa (D:5)
  2 eyes of draining
  A meliai simulacrum (D:15)
  14 orc warriors
  2 necrophages
  An alligator simulacrum (IceCv)
  9 ice beasts
  4 phantoms
  6 ogres
  8 centaurs
  The ghost of Squibie the Shield-Bearer, an amateur OpFi (D:3)
  A crocodile (D:12)
  22 big kobolds
  8 bullfrogs
  A gnoll sergeant (D:8)
  Dowan (D:5)
  A wyvern skeleton (D:14)
  4 scorpions
  An elephant simulacrum (IceCv)
  6 killer bees (D:9)
  4 howler monkeys
  10 wights
  3 jellies
  5 crimson imps
  5 draconian simulacra (IceCv)
  2 quasits
  6 starcursed masses (Abyss:2)
  11 orc priests
  12 hounds
  2 bullfrog skeletons (D:4)
  14 orc wizards
  9 worker ants
  6 iguanas
  A spriggan simulacrum (IceCv)
  3 troll simulacra (IceCv)
  3 centaur simulacra (IceCv)
  2 hound skeletons (D:4)
  A hound zombie (D:7)
  A worker ant zombie (D:5)
  2 howler monkey skeletons
  11 gnolls
  10 adders
  5 naga simulacra (IceCv)
  3 ogre simulacra (IceCv)
  A river rat (D:5)
  6 shadow imps
  12 white imps (IceCv)
  An ufetubus (Abyss:2)
  2 oozes
  2 adder zombies
  2 adder skeletons
  6 worms
  2 dart slugs
  11 leopard geckos
  46 orcs
  7 bats
  5 giant cockroaches
  9 goblins
  7 hobgoblins
  16 jackals
  2 quokkas
  3 ball pythons
  7 frilled lizards
  35 kobolds
  A leopard gecko skeleton (D:4)
  12 rats
601 creatures vanquished.

Vanquished Creatures (others)
  A necromancer (IceCv)
  A yaktaur (D:15)
  A sky beast (D:15)
  3 centaurs
  A crimson imp (D:12)
  2 jellies (D:15)
  6 starspawn tentacles (Abyss:2)
15 creatures vanquished.

Grand Total: 616 creatures vanquished

Notes
Turn   | Place    | Note
-------+----------+-------------------------------------------
     0 | D:1      | Multipenetrator the Formicid Fighter began the quest for the Orb.
     0 | D:1      | Reached XP level 1. HP: 18/18 MP: 1/1
   154 | D:1      | Reached XP level 2. HP: 24/24 MP: 2/2
   160 | D:1      | Reached skill level 4 in Shields
   305 | D:1      | Reached XP level 3. HP: 24/29 MP: 3/3
   468 | D:3      | Noticed Squibie's ghost (amateur OpFi)
   468 | D:3      | Found an ancient bone altar of Kikubaaqudgha.
   476 | D:3      | Killed Squibie's ghost
   476 | D:3      | Reached XP level 4. HP: 28/37 MP: 4/4
   476 | D:3      | Reached XP level 5. HP: 32/42 MP: 5/5
   589 | D:3      | Reached skill level 5 in Shields
   939 | D:4      | Reached XP level 6. HP: 13/48 MP: 6/6
  1226 | D:5      | Entered Level 5 of the Dungeon
  1226 | D:5      | Found a staircase to the Ecumenical Temple.
  1236 | D:5      | Noticed a sky beast
  1238 | Temple   | Entered the Ecumenical Temple
  1641 | D:5      | Killed a sky beast
  1658 | D:5      | Reached XP level 7. HP: 40/54 MP: 7/7
  1662 | D:5      | Noticed Blork the orc
  1752 | D:4      | Reached skill level 1 in Dodging
  1837 | D:4      | Reached skill level 5 in Axes
  1857 | D:4      | Reached skill level 6 in Shields
  1892 | D:4      | Got a slimy robe
  1903 | D:4      | Identified the cursed +1 robe "Egra" {rC- Slay+3 SInv} (You took it off an orc on level 4 of the Dungeon)
  2405 | D:4      | Reached XP level 8. HP: 40/61 MP: 8/8
  2522 | D:4      | Reached skill level 1 in Stealth
  2932 | D:5      | Reached skill level 5 in Fighting
  2959 | D:5      | Noticed smzp's ghost (novice BaFi)
  3426 | D:5      | Noticed Blork
  3426 | D:5      | Blork the orc changed into Blork the river rat
  3433 | D:5      | Killed Blork the river rat
  3441 | D:5      | Upgraded the game from 0.21-a0-49-g7bf2ba4 to 0.21-a0-71-g5e5ddd2
  3514 | D:5      | Found a bloodstained altar of Trog.
  3537 | D:5      | Found a sacrificial altar of Ru.
  3762 | D:6      | Reached skill level 7 in Shields
  3768 | D:6      | Got a jasper-studded leather armour
  3779 | D:6      | Identified the +7 leather armour "Teromuipu" {Int+4} (You found it on level 6 of the Dungeon)
  3796 | D:6      | Found a sparkling altar of Nemelex Xobeh.
  3942 | D:6      | Gained mutation: Your spells are a little harder to cast, but a little more powerful. [mutagenic meat]
  3943 | D:6      | Gained mutation: Scrolls take you a little longer to read. [mutagenic meat]
  3944 | D:6      | Lost mutation: Your spells are a little harder to cast, but a little more powerful. [mutagenic meat]
  3945 | D:6      | Gained mutation: Your muscles are strong. (Str +2) [mutagenic meat]
  3946 | D:6      | Gained mutation: You do not regenerate when monsters are visible. [mutagenic meat]
  4062 | D:6      | Found Coynk's Magic Scroll Shop.
  4071 | D:6      | Bought a scroll of identify for 20 gold pieces
  4071 | D:6      | Bought a scroll of identify for 20 gold pieces
  4071 | D:6      | Bought a scroll of identify for 20 gold pieces
  4077 | D:6      | Lost mutation: You do not regenerate when monsters are visible. [potion of mutation]
  4077 | D:6      | Lost mutation: Your muscles are strong. (Str +2) [potion of mutation]
  4077 | D:6      | Lost mutation: Scrolls take you a little longer to read. [potion of mutation]
  4077 | D:6      | Gained mutation: You are partially covered in slimy green scales. (AC +2) [potion of mutation]
  4077 | D:6      | Gained mutation: You are resistant to hostile enchantments. (MR+) [potion of mutation]
  4077 | D:6      | Gained mutation: You have a somewhat thin skeletal structure. (Dex +2, Stealth) [potion of mutation]
  4077 | D:6      | Gained mutation: You evolve. [potion of mutation]
  4242 | D:6      | Found an iron altar of Okawaru.
  4244 | D:6      | Became a worshipper of Warmaster Okawaru
  4272 | D:6      | Reached skill level 1 in Polearms
  4604 | D:5      | Reached XP level 9. HP: 68/68 MP: 9/9
  4634 | D:5      | Noticed Dowan
  4635 | D:5      | Noticed Duvessa
  4647 | D:5      | Killed Duvessa
  4650 | D:5      | Killed Dowan
  4860 | D:5      | Found an opulent altar of Gozag.
  5122 | D:5      | Killed smzp's ghost
  5122 | D:5      | Reached * piety under Okawaru
  5122 | D:5      | Reached skill level 8 in Shields
  5471 | D:3      | Gained mutation: You have sharp toenails. [evolution]
  5785 | D:2      | Found a faded altar of an unknown god.
  6574 | D:7      | Found Laru's Assorted Antiques.
  6619 | D:7      | Noticed Joseph
  6623 | D:7      | Reached skill level 5 in Polearms
  6649 | D:7      | Killed Joseph
  6649 | D:7      | Reached ** piety under Okawaru
  6649 | D:7      | Reached skill level 9 in Shields
  6649 | D:7      | Reached XP level 10. HP: 67/76 MP: 10/10
  6683 | D:7      | Bought a scroll labeled HEEC CULECAKHLOUR for 29 gold pieces
  6683 | D:7      | Bought a pink potion for 26 gold pieces
  6794 | D:7      | Found a shattered altar of Ashenzari.
  6835 | D:7      | Noticed a five-headed hydra
  6844 | D:7      | You fall through a shaft!
  6899 | D:8      | Reached skill level 10 in Shields
  7247 | D:8      | Found a white marble altar of Elyvilon.
  7305 | D:7      | Found a hide-covered altar of Uskayaw.
  7455 | D:8      | Reached *** piety under Okawaru
  7486 | D:8      | Found a staircase to the Lair.
  7569 | D:8      | Found a burning altar of Makhleb.
  7569 | D:8      | Noticed Erica
  7585 | D:8      | Killed Erica
  7585 | D:8      | Reached skill level 11 in Shields
  7863 | D:8      | Lost mutation: You are resistant to hostile enchantments. (MR+) [evolution]
  7908 | D:8      | Reached **** piety under Okawaru
  7908 | D:8      | Reached XP level 11. HP: 58/83 MP: 11/11
  7952 | D:8      | Noticed a two-headed ogre
  8215 | D:8      | Killed a two-headed ogre
  8273 | D:8      | Found a basalt altar of Yredelemnul.
  8384 | D:7      | Killed a one-headed hydra
  8384 | D:7      | Reached ***** piety under Okawaru
  8384 | D:7      | Reached skill level 5 in Armour
  8384 | D:7      | Reached skill level 12 in Shields
  8572 | D:9      | Found a blossoming altar of Fedhas.
  8790 | D:9      | Found Ufootaov's Assorted Antiques.
  8796 | D:9      | Bought a metallic silvery potion for 25 gold pieces
  8796 | D:9      | Bought a scroll labeled ERUCWIARITI for 28 gold pieces
  8903 | D:9      | Found a snail-covered altar of Cheibriados.
  9153 | D:9      | Noticed a two-headed ogre
  9167 | D:9      | Killed a two-headed ogre
  9359 | D:10     | Entered Level 10 of the Dungeon
  9391 | D:10     | Noticed a skeletal warrior
  9391 | D:10     | Noticed Shimatora's ghost (novice DDFi)
  9414 | D:10     | Received a gift from Okawaru
  9547 | D:10     | Killed Shimatora's ghost
  9647 | D:10     | Killed a skeletal warrior
  9653 | D:10     | Noticed a skeletal warrior
  9654 | D:10     | Noticed a skeletal warrior
  9678 | D:10     | Killed a skeletal warrior
  9678 | D:10     | Reached skill level 13 in Shields
  9704 | D:10     | Killed a skeletal warrior
  9720 | D:10     | Reached XP level 12. HP: 65/91 MP: 12/12
  9968 | D:11     | Found a frozen archway.
 10000 | IceCv    | Entered an ice cave
 10156 | IceCv    | Reached skill level 10 in Polearms
 10278 | IceCv    | Reached skill level 14 in Shields
 10723 | IceCv    | Reached skill level 5 in Dodging
 10853 | IceCv    | Found an ancient bone altar of Kikubaaqudgha.
 11316 | D:11     | Reached ****** piety under Okawaru
 11351 | D:11     | Found a staircase to the Orcish Mines.
 11368 | D:11     | Reached skill level 15 in Shields
 11512 | D:11     | Noticed Sonja
 11534 | D:11     | Killed Sonja
 11534 | D:11     | Received a gift from Okawaru
 11534 | D:11     | Reached XP level 13. HP: 83/98 MP: 13/13
 11537 | D:11     | Got a bloodstained cloak {god gift}
 11560 | D:11     | Identified the +5 cloak of Xoaduy Afeso {rN+ Regen+} (Okawaru gifted it to you on level 11 of the Dungeon)
 11896 | D:11     | Reached skill level 1 in Long Blades
 12027 | D:11     | Found Taob's Food Shoppe.
 12032 | D:11     | Bought a royal jelly for 28 gold pieces
 12032 | D:11     | Bought a royal jelly for 28 gold pieces
 12032 | D:11     | Bought a royal jelly for 28 gold pieces
 12228 | D:12     | Reached skill level 10 in Fighting
 12380 | D:12     | Noticed Kirke
 12402 | D:12     | Noticed a sphinx
 12440 | D:12     | Killed Kirke
 12533 | D:12     | Found Daejysatz's Book Shop.
 12730 | D:12     | Got a crude leather armour
 12731 | D:12     | Identified the +1 leather armour of the Komtur {Dex+4} (You found it on level 12 of the Dungeon)
 13061 | D:12     | Received a gift from Okawaru
 13220 | D:13     | Found a labyrinth entrance.
 13237 | Lab      | Entered a labyrinth
 13659 | Lab      | Noticed a minotaur
 13668 | Lab      | Killed a minotaur
 13892 | D:13     | Noticed a centaur warrior
 13895 | D:13     | Killed a centaur warrior
 13895 | D:13     | Reached skill level 1 in Invocations
 13927 | D:13     | Found a gate to the Vaults.
 13927 | D:13     | Noticed a vault guard
 13927 | D:13     | Noticed a vault guard
 13927 | D:13     | Noticed a vault guard
 13928 | D:13     | Noticed a vault guard
 13928 | D:13     | Noticed an eight-headed hydra
 13952 | D:13     | Killed a vault guard
 13952 | D:13     | Reached XP level 14. HP: 81/116 MP: 11/15
 15566 | D:14     | Found a snail-covered altar of Cheibriados.
 15664 | D:14     | Reached skill level 5 in Invocations
 15973 | D:14     | Received a gift from Okawaru
 16067 | D:15     | Entered Level 15 of the Dungeon
 16097 | D:15     | Cast into level 2 of the Abyss (a wizard)
 16247 | Abyss:2  | Noticed a white very ugly thing
 16277 | Abyss:2  | Killed a cyan very ugly thing
 16282 | Abyss:2  | Received a gift from Okawaru
 16320 | Abyss:2  | Gained mutation: Potions are less effective at restoring your health. [a neqoxec]
 16321 | Abyss:2  | Gained mutation: You are clumsy. (Dex -2) [a neqoxec]
 16335 | Abyss:2  | Noticed a tentacled starspawn
 16355 | Abyss:2  | Killed a tentacled starspawn
 16396 | Abyss:2  | Noticed a white very ugly thing
 16417 | Abyss:2  | Noticed a starcursed mass
 16423 | Abyss:2  | Killed a white very ugly thing
 16457 | Abyss:2  | Noticed a tentacled starspawn
 16473 | Abyss:2  | Noticed a tentacled starspawn
 16513 | Abyss:2  | Noticed a starcursed mass
 16525 | Abyss:2  | Reached XP level 15. HP: 47/123 MP: 17/17
 16684 | D:15     | Escaped the Abyss
 16773 | D:15     | Noticed Josephine
 16781 | D:15     | Killed Josephine
 16900 | D:15     | Lost mutation: You are partially covered in slimy green scales. (AC +2) [potion of mutation]
 16900 | D:15     | Lost mutation: You are clumsy. (Dex -2) [potion of mutation]
 16900 | D:15     | Lost mutation: You have sharp toenails. [potion of mutation]
 16900 | D:15     | Lost mutation: You evolve. [potion of mutation]
 16900 | D:15     | Lost mutation: Potions are less effective at restoring your health. [potion of mutation]
 16900 | D:15     | Gained mutation: You are dopey. (Int -2) [potion of mutation]
 16900 | D:15     | Gained mutation: Your spells are a little easier to cast, but a little less powerful. [potion of mutation]
 16900 | D:15     | Gained mutation: You are agile. (Dex +2) [potion of mutation]
 16901 | D:15     | Lost mutation: You are dopey. (Int -2) [potion of mutation]
 16901 | D:15     | Lost mutation: You are agile. (Dex +2) [potion of mutation]
 16901 | D:15     | Lost mutation: You have a somewhat thin skeletal structure. (Dex +2, Stealth) [potion of mutation]
 16901 | D:15     | Gained mutation: Your magical capacity is low. (-10% MP) [potion of mutation]
 16901 | D:15     | Lost mutation: Your spells are a little easier to cast, but a little less powerful. [potion of mutation]
 16923 | D:15     | Received a gift from Okawaru
 17293 | D:15     | Reached skill level 1 in Throwing
 17355 | D:15     | Noticed Azrael
 17399 | D:15     | HP: 6/124 [Azrael/damnation (13)]
 17404 | D:15     | HP: 4/124 [Azrael/damnation (34)]
 17407 | D:15     | Killed from afar by Azrael

Vault maps used:
D:1:      scummos_arrival_simple_fountains
D:2:      first_bread, chequers_ecumenical_altar_simple, minmay_tromino_mix6
D:3:      kiku_gazebo_pond_becter
D:4:      minmay_parallelograms
D:5:      lemuel_doored_altar, minmay_temple_entry_overgrown, basic_altar,
          nicolae_ru_great_annihilating_truth, uniq_duvessa, uniq_blork_the_orc
D:6:      kennysheep_mini_moat, okawaru_altar_gauntlet_db, serial_shops, shop
D:7:      kennysheep_big_flooded_room, kennysheep_little_box,
          overflow_temple_1_default, serial_shops, nicolae_shop_stone,
          uniq_joseph
D:8:      kennysheep_mini, lemuel_round_altar, grunt_lair_entry_orc_guard_hut,
          basic_altar, uniq_erica
D:9:      nicolae_overflow_crystal_walls, fedhas_altar_1, serial_shops,
          shop_statue
D:11:     erik_orc_3, portal_ice_cave_entry_pillars_2, serial_shops,
          shop_fountains, uniq_sonja
D:12:     serial_shops, nicolae_shop_trees, kennysheep_cluttered_room,
          hangedman_fish_farm, grunt_ministairs_10, uniq_kirke
D:13:     lightli_vaults_fourway_checkpoint, lab_entry_generic,
          minmay_misc_feat_more_columns
D:14:     cheibriados_altar_1
D:15:     grunt_enter_depths_snipers, hangedman_decor_clover_reticule,
          uniq_azrael, uniq_josephine
Temple:   minmay_temple_forest_path
Abyss:2:  minivault_26
Lab:      labyrinth_spiral, labyrinth_skeletal_remains, lab_fountain
IceCv:    ice_cave_small_necro

Skill      XL: |  1  2  3  4  5  6  7  8  9 10 11 12 13 14 15 |
---------------+----------------------------------------------+-----
Shields        | 4 5 6 7 9 11 13 15 | 15.5
Axes           | 3 4 5 6 7 |  7.9
Fighting       | 4 5 6 7 8 12 13 | 13.3
Armour         | 4 5 6 7 8 |  8.5
Dodging        | 1 2 3 4 5 6 |  6.8
Stealth        | 1 2 3 |  3.1
Polearms       | 1 5 7 9 10 11 12 | 12.5
Long Blades    | 1 2 3 |  3.7
Invocations    | 1 6 7 |  7.2
Throwing       | 1 |  1.1

Action                   |  1- 3 |  4- 6 |  7- 9 | 10-12 | 13-15 || total
-------------------------+-------+-------+-------+-------+-------++-------
Melee: War axe           |    91 |    70 |   214 |       |   119 ||   494
       Glaive            |       |       |   166 |   165 |       ||   331
       Halberd           |       |       |   110 |   645 |   720 ||  1475
       Kick              |       |       |    42 |   251 |   251 ||   544
       Scimitar          |       |       |       |     9 |   189 ||   198
       Unarmed           |       |       |       |       |    12 ||    12
       Battleaxe         |       |       |       |       |    40 ||    40
Throw: Throwing net      |       |       |     1 |       |       ||     1
       Tomahawk          |       |       |     5 |     3 |     8 ||    16
       Javelin           |       |       |       |       |     9 ||     9
Invok: Heroism           |       |       |       |     2 |     6 ||     8
       Finesse           |       |       |       |       |     1 ||     1
 Abil: Dig               |       |     1 |     6 |    16 |    16 ||    39
       Shaft Self        |       |       |       |     1 |       ||     1
Evoke: Wand              |       |       |     2 |     2 |    15 ||    19
  Use: Scroll            |       |       |     7 |     7 |     6 ||    20
       Potion            |       |       |     1 |     1 |    10 ||    12
 Stab: Sleeping          |       |       |    12 |    11 |     4 ||    27
       Paralysed         |       |       |     1 |       |       ||     1
       Distracted        |       |       |       |     3 |     2 ||     5
  Eat: Chunk             |       |     1 |    20 |    60 |   131 ||   212
       Royal jelly       |       |     1 |       |     1 |     2 ||     4
       Fruit             |       |       |     1 |       |       ||     1
       Meat ration       |       |       |     1 |     1 |     1 ||     3
Armor: Scale mail        |    45 |    22 |    46 |       |       ||   113
       Robe              |       |       |     7 |       |       ||     7
       Leather armour    |       |       |    51 |   113 |   167 ||   331
Dodge: Dodged            |    35 |    22 |   125 |   154 |   274 ||   610
Block: Shield            |    55 |    38 |   230 |       |       ||   323
       Large shield      |       |       |    86 |   734 |  1235 ||  2055
       Reflection        |       |       |     3 |    11 |    31 ||    45
       Other             |       |       |       |       |     1 ||     1
       Rpst.: Scimitar   |       |       |       |     1 |    18 ||    19
